 Dungeon Crawl Stone Soup version 0.13-a0-2979-gb6a86b3 (webtiles) character file.

2370 4tharraofdagon the Cleaver (level 8, -11/91 HPs)
             Began as a Djinni Berserker on Sept 7, 2013.
             Was a High Priest of Trog.
             Mangled by an orc warrior
             ... wielding a -1,+1 orcish morningstar
              (17 damage)
             ... on Level 2 of the Orcish Mines.
             The game lasted 00:09:55 (1656 turns).

4tharraofdagon the Cleaver (Djinni Berserker)       Turns: 1656, Time: 00:09:55

HP -11/91        AC 15     Str 24      XL: 8   Next: 98%
MP   0/0         EV  8     Int  9      God: Trog [*****.]
Gold 431         SH  0     Dex 12      Spells:  0 memorised,  7 levels left

Res.Fire  : + + +   See Invis. : .   t - +0,+1 orc war axe
Res.Cold  : . . .   Warding    : .   A - +2 orc chain mail
Life Prot.: + + +   Conserve   : .   (no shield)
Res.Poison: .       Res.Corr.  : .   (no helmet)
Res.Elec. : .       Clarity    : .   (no cloak)
Sust.Abil.: . .     Spirit.Shd : .   k - +0 pair of gauntlets
Res.Mut.  : .       Stasis     : .   (boots unavailable)
Res.Rott. : .       Flight     : .   (no amulet)
Saprovore : . . .                    (no ring)
                                     h - ring of ice

@: regenerating, berserking, very slightly contaminated, very quick, very
resistant to hostile enchantments, extremely unstealthy
A: fire immunity, cold vulnerability, life protection 3, AC +2
a: Burn Spellbooks, Berserk, Trog's Hand, Brothers in Arms, Renounce Religion


You were on level 2 of the Orcish Mines.
You worshipped Trog.
Trog was extremely pleased with you.
You were not hungry.

You visited 2 branches of the dungeon, and saw 8 of its levels.
You also visited: Sewer.

You collected 411 gold pieces.

Inventory:

Hand weapons
 a - a +0,-1 hand axe {=f}
 s - a +0,+0 war axe
 t - a +0,+1 orcish war axe (weapon)
Armour
 b - a cursed +0 animal skin
 k - a +0 pair of gauntlets (worn)
 n - a +0 troll hide
 A - a +2 orcish chain mail (worn)
Scrolls
 c - a scroll of fear {unknown}
 e - 2 scrolls of remove curse {unknown}
 g - 2 scrolls of teleportation {unknown}
 l - 2 scrolls of random uselessness {unknown}
 m - a scroll of magic mapping {unknown}
 p - 2 scrolls of enchant armour {unknown}
 q - a scroll of curse armour {unknown}
 r - a scroll of noise {unknown}
 u - a scroll of amnesia {unknown}
 y - a scroll of blinking {unknown}
Jewellery
 f - an uncursed ring of fire
 h - a ring of ice (left hand)
Potions
 d - 3 potions of brilliance
 i - a potion of berserk rage
 o - 5 potions of curing
 v - a potion of speed {unknown}
 w - 2 potions of magic {unknown}
 x - a potion of might
 z - a potion of heal wounds


   Skills:
 + Level 6.0 Fighting
 * Level 8.0 Axes
 + Level 6.7 Armour
 - Level 1.7 Dodging


You had 7 spell levels left.
You didn't know any spells.

Dungeon Overview and Level Annotations

Branches:
Dungeon (6/27)             Temple (0/1) D:6             Orc (2/4) D:6

Altars:
Okawaru
Xom


Innate Abilities, Weirdness & Mutations

You are immune to all types of fire, even holy and hellish.
You are vulnerable to cold.
You need no food.
You have no legs.
You are immune to negative energy.
You are partially covered in thin metallic scales (AC +2).


Message History

* * * LOW HITPOINT WARNING * * *
Unknown command.
Your chain mail prevents you from hitting the wolf.
The wolf is severely wounded.
You slice the orc!!
You kill the orc!
Trog accepts your kill.
You barely miss the orc warrior.
The orc warrior is heavily wounded.
The wolf barely misses you. The wolf bites you but does no damage.
The wolf bites you but does no damage.
Unknown command.
Unknown command.
You hit the wolf.
The wolf is almost dead.
You hit the orc warrior.
The orc warrior is almost dead.
The wolf bites you but does no damage.
The orc warrior hits you with an orcish morningstar!
You die...

.......
...$o..###
.......###
#.......## .
#.......# #..
## #.<.#.#
....#.##..$.#
.......)hoo.##
..#....@%.##
.......%h..#
.$........$#
...........#
..........##
........##
......##
....## .


You could see an orc warrior, 2 wolves and an orc.

Vanquished Creatures
  A troll (D:5)
  Grum (Orc:2)
  Edmund (D:5)
  Menkaure (D:6)
  2 wolves (Orc:2)
  A sky beast (D:5)
  A black bear (D:5)
  An ogre (D:5)
  An orc warrior (Orc:1)
  A warg (Orc:1)
  A jelly (D:5)
  A crimson imp (D:6)
  An orc priest (D:6)
  A hound (D:6)
  3 orc wizards
  5 worker ants
  A hound skeleton (D:5)
  4 gnolls (D:5)
  2 green rats (Sewer)
  A worker ant zombie (D:5)
  4 adders
  2 giant mites
  3 worms
  2 giant geckos
  4 oozes
  24 orcs
  4 ball pythons (Sewer)
  10 bats
  2 giant cockroaches
  9 goblins
  4 hobgoblins
  10 kobolds
  A quokka (D:5)
  A giant gecko skeleton (D:4)
  A hobgoblin skeleton (D:5)
  A kobold zombie (D:6)
  3 rats
  A ballistomycete (D:6)
117 creatures vanquished.

Vanquished Creatures (others)
  3 hobgoblins (D:6)
  A giant spore (D:6)
  A kobold (D:6)
  A kobold skeleton (D:6)
6 creatures vanquished.

Grand Total: 123 creatures vanquished

Notes
Turn   | Place    | Note
--------------------------------------------------------------
     0 | D:1      | 4tharraofdagon, the Djinni Berserker, began the quest for the Orb.
     0 | D:1      | Reached XP level 1. HP: 16/16 MP: 0/0
   126 | D:1      | Reached XP level 2. EP: 16/22
   171 | D:1      | Reached skill level 3 in Fighting
   237 | D:2      | Acquired Trog's second power
   273 | D:4      | Reached XP level 3. EP: 22/29
   313 | D:5      | Entered Level 5 of the Dungeon
   327 | D:5      | Noticed an ogre
   330 | D:5      | Noticed a black bear
   335 | D:5      | Killed an ogre
   335 | D:5      | Reached skill level 4 in Axes
   335 | D:5      | Reached XP level 4. EP: 35/35
   335 | D:5      | Reached XP level 5. EP: 41/41
   339 | D:5      | Killed a black bear
   343 | D:5      | Reached XP level 6. EP: 39/48
   460 | D:5      | Reached skill level 5 in Axes
   601 | D:5      | Noticed a sky beast
   618 | D:5      | Killed a sky beast
   632 | D:5      | Gained mutation: You are partially covered in thin metallic scales (AC +2). [mutagenic meat]
   658 | D:5      | Noticed a troll
   668 | D:5      | Reached XP level 7. EP: 31/54
   673 | D:5      | Killed a troll
   673 | D:5      | Reached skill level 5 in Armour
   691 | D:5      | Noticed Edmund
   733 | D:5      | Killed Edmund
   733 | D:5      | Reached skill level 6 in Axes
   798 | D:6      | Found an iron altar of Okawaru.
   814 | D:6      | Found a shimmering altar of Xom.
   847 | D:6      | Reached skill level 5 in Fighting
   847 | D:6      | Reached XP level 8. EP: 50/62
   973 | D:6      | Found a staircase to the Ecumenical Temple.
  1046 | D:6      | Found a glowing drain.
  1050 | Sewer    | Entered a sewer
  1295 | D:6      | Noticed Menkaure
  1300 | D:6      | Killed Menkaure
  1300 | D:6      | Reached skill level 7 in Axes
  1365 | D:6      | Found a staircase to the Orcish Mines.
  1388 | Orc:1    | Entered Level 1 of the Orcish Mines
  1400 | Orc:1    | Acquired Trog's third power
  1641 | Orc:2    | Noticed Grum
  1651 | Orc:2    | Killed Grum
  1653 | Orc:2    | Reached skill level 8 in Axes
  1654 | Orc:2    | HP: 4/91 [orc warrior/orcish morningstar (9)]
  1656 | Orc:2    | Mangled by an orc warrior

Action                   |  1- 3 |  4- 6 |  7- 9 || total
-------------------------+-------+-------+-------++-------
Melee: Hand axe          |    63 |    93 |    44 ||   200
       War axe           |       |       |   141 ||   141
Invok: Berserk           |     1 |     3 |     6 ||    10
       Trog's Hand       |       |     2 |     4 ||     6
  Use: Potion            |     2 |       |       ||     2
       Scroll            |       |       |     4 ||     4
